Map: Abiogenesis LE

Players

CinDra - Winner!

  • Race: Zerg Zerg
  • League: Gold
  • Spawn Location: 5:00

DavidJChen

  • Race: Terran Terran
  • Spawn Location: 11:00

VOD

Have the link to the VOD?

Description

Time

  • Played on: March 19, 2018, 8:29 p.m.
  • Length: 6:23
Show
View Real Time Build Order
Export as new Build Order

CinDra Zerg - Winner!

Build Orders: Hatch First 

Get SALT Encoding   

  12  0:01  Drone  
  13  0:12  Overlord  
  13  0:17  Drone  
  14  0:31  Drone x2  
  16  0:35  Drone  
  17  0:55  Drone  
  18  0:58  Hatchery  
  18  1:00  Drone  
  18  1:08  Extractor  
  17  1:14  Drone  
  17  1:18  Spawning Pool  
  17  1:24  Drone  
  18  1:29  Drone  
  19  1:39  Overlord  
  19  1:50  Drone  
  20  2:04  Queen  
  20  2:05  Zergling x2  
  23  2:10  Queen  
  23  2:11  Zergling x2  
  23  2:13  Drone  
  27  2:18  Metabolic Boost  
  27  2:21  Drone  
  28  2:28  Drone  
  28  2:42  Zergling x2  
  29  2:45  Drone x3  
  32  2:53  Queen  
  34  3:01  Zergling x2  
  34  3:02  Zergling x2  
  35  3:07  Overlord, Baneling Nest  
  33  3:19  Queen  
  33  3:23  Zergling x6  
  33  3:24  Overlord  
  33  3:25  Overlord  
  36  3:27  Zergling x6  
  39  3:34  Queen  
  39  3:53  Zergling x6  
  39  3:54  Zergling x10  
  43  4:03  Zergling x2  
  43  4:04  Zergling x6  
  41  4:25  Zergling x8  
  46  4:38  Drone x4, Hatchery  
  47  4:55  Drone x6  
  53  5:03  Baneling x5  
  53  5:05  Zergling x8  
  57  5:18  Extractor, Drone x2  
  56  5:44  Zergling x6  
  56  5:46  Overlord x2  
  59  5:54  Drone x6  
Show
View Real Time Build Order
Export as new Build Order

DavidJChen Terran 

Build Orders:  

Get SALT Encoding   

  12  0:01  SCV  
  13  0:13  SCV  
  14  0:18  Supply Depot  
  14  0:25  SCV  
  15  0:40  SCV  
  15  0:41  Barracks  
  16  0:50  Refinery  
  16  0:52  SCV  
  17  1:04  SCV, Barracks  
  18  1:16  SCV  
  19  1:26  Barracks  
  19  1:28  SCV  
  20  1:34  Reaper  
  20  1:38  Supply Depot  
  21  1:42  SCV  
  22  1:52  Refinery  
  22  1:54  SCV  
  23  2:06  SCV  
  24  2:09  Reaper  
  24  2:11  Reaper  
  26  2:22  Supply Depot  
  26  2:23  Orbital Command  
  26  2:26  Marine  
  27  2:49  Reaper x3  
  30  3:21  Reaper x3  
  33  3:39  Supply Depot  
  33  3:40  Factory  
  33  3:53  Reaper  
  32  4:18  Command Center  
  30  4:26  Marine x3  
  30  4:30  Starport  
  33  4:32  Factory Reactor  
  32  5:03  Barracks  
  32  5:04  SCV  
  32  5:05  Barracks  
  33  5:12  Command Center  
  33  5:16  SCV  
  33  5:21  Barracks Reactor  
  31  5:22  Barracks Tech Lab  
  31  5:30  Engineering Bay  
  31  5:33  SCV, Barracks Reactor  
  32  5:41  Marine  
  23  5:59  Marine  
  23  6:10  Bunker  
Tags
 
League
Gold
Matchup
TvZ
Spawn Locations
Cross Positions
Add a new tag
Caveats
  • Supply blocks, unpowered buildings, or Contaminate may cause inaccurate times.
  • Supply counts are checked every 10 seconds.